 Dungeon Crawl Stone Soup version 0.30-a0-509-gd016549fea (webtiles) character file.

Game seed: 6302503694808960796

417 kae the Firebug (level 6, -1/32 HPs)
             Began as a Tengu Fire Elementalist on Dec 22, 2022.
             Slain by a gnoll
             ... wielding a +0 halberd
             ... led by a gnoll bouda
              (10 damage)
             ... on level 5 of the Dungeon.
             The game lasted 00:03:21 (4896 turns).

kae the Firebug (Tengu Fire Elementalist)           Turns: 4896, Time: 00:03:22

Health: -1/32      AC:  2    Str:  8    XL:     6   Next: 93%
Magic:  1/12       EV: 14    Int: 18    God:
Gold:   213        SH:  5    Dex: 14    Spells: 2/11 levels left

rFire   + . .      SeeInvis .    q - staff of fire {!a}
rCold   . . .      Faith    .    (no shield)
rNeg    . . .      Spirit   .    a - +0 robe
rPois   .          Reflect  +    (helmet restricted)
rElec   .          Harm     .    (no cloak)
rCorr   .          Rampage  .    (no gloves)
Will    .....                    (boots unavailable)
Stlth   ++........               d - amulet of reflection
HPRegen 0.25/turn                (no ring)
MPRegen 0.13/turn                (no ring)

@: flying quickly and evasively, quick
A: beak, talons 3, nimble flight
a: no special abilities


You were on level 5 of the Dungeon.
You visited 1 branch of the dungeon, and saw 5 of its levels.

You collected 213 gold pieces.


Innate Abilities, Weirdness & Mutations

You have a beak for a mouth.
You have claws for feet.
Your magical nature lets you fly swiftly and evasively.


   Skills:
 - Level 2.1 Dodging
 - Level 2.0 Stealth
 + Level 3.3 Spellcasting
 * Level 5.7 Conjurations
 * Level 5.8 Fire Magic


You had 2 spell levels left.
You knew the following spells:

 Your Spells              Type           Power      Damage    Failure   Level
a - Foxfire               Conj/Fire      100%       2x1d9     1%          1
b - Scorch                Fire           72%        2d9       2%          2
c - Inner Flame           Hex/Fire       20%        N/A       14%         3
d - Kindle Blastsparks    Fire/Tloc/Air  30%        2d12      22%         3

Your spell library contained the following spells:

 Spells                   Type           Power      Damage    Failure   Level
 Flame Wave               Conj/Fire      35%        2d10      14%         4
 Portal Projectile        Hex/Tloc       6%         N/A       43%         3
 Tukima's Dance           Hex            3%         N/A       43%         3
 Blade Hands              Tmut           1%         N/A       99%         5
 Summon Forest            Summ/Tloc      1%         N/A       99%         5
 Summon Mana Viper        Hex/Summ       3%         N/A       99%         5
 Summon Cactus Giant      Summ           1%         N/A       100%        6

Inventory:

Missiles
 f - 74 stones
 o - 13 poisoned darts
 p - 2 boomerangs
Armour
 a - a +0 robe (worn)
Magical Staves
 q - a staff of fire (weapon) {!a}
   (You acquired it on level 5 of the Dungeon)
Jewellery
 d - an amulet of reflection (around neck)
   (You found it on level 1 of the Dungeon)
Wands
 r - a wand of flame (11)
   (You found it on level 3 of the Dungeon)
Scrolls
 i - a scroll of fog
 k - 2 scrolls of teleportation {@r4}
 m - 2 scrolls of poison {!r}
Potions
 b - 3 potions of magic
 c - 4 potions of attraction {!q}
 e - a potion of heal wounds {@q2}
 g - 3 potions of lignification {unknown}
 h - 6 potions of curing {unknown}
 j - a potion of berserk rage {!q}
 l - a potion of resistance
 n - 3 potions of cancellation {unknown}
 s - 2 potions of degeneration {unknown}

Dungeon Overview and Level Annotations

Branches:
Dungeon (5/15) Zot: 25187
 Temple: D:4-7

Altars:
Makhleb
Okawaru
Qazlal
Zin

......#.##. ..........
.......... .#.......#
?<.......#### ## #
#.).g.....# .## .##
..#...g)....###..#...#
....(..@...##........##
......ยง...............#
...............##.....#
............#...)......#
......#....##..........#
.............#..........
.##...##.#..............
....#.##..#.#.........
.. ........####........#


You could see a gnoll bouda and a gnoll (swift).


Message History

Casting: Foxfire (safe; 1% risk of failure)
Confirm with . or Enter, or press ? or * to list all spells.
You feel a surge of power!
You conjure some foxfire!
The foxfire hits the gnoll.
You kill the gnoll!
A gnoll bouda comes into view. It is wielding a +0 whip. ๐Ÿ˜Ž MP[-1]
Casting: Foxfire (safe; 1% risk of failure)
Confirm with . or Enter, or press ? or * to list all spells.
You feel a surge of power!
You conjure some foxfire!
The foxfire hits the gnoll but does no damage.
A gnoll comes into view. It is wielding a +0 flail.
The foxfire hits the gnoll. x2
The gnoll bouda calls upon its god to heal the gnoll.
The gnoll's wounds heal themselves! ๐Ÿ˜Ž MP[-1]
You lost 1 mp, and now have 7/12 mp.
Casting: Foxfire (safe; 1% risk of failure)
Confirm with . or Enter, or press ? or * to list all spells.
You feel a surge of power!
You conjure some foxfire!
The gnoll bouda barks out a call to the hunt!
The gnolls pick up the pace!
The gnoll misses you.
The foxfire hits the gnoll. x2; The gnoll misses you.
Your magical contamination has completely faded away.
Casting: Foxfire (safe; 1% risk of failure)
Confirm with . or Enter, or press ? or * to list all spells.
You feel a surge of power!
You conjure some foxfire!
The gnoll barely misses you.
The foxfire hits the gnoll.
The foxfire hits the gnoll but does no damage.
The gnoll barely misses you. ๐Ÿ˜Ž MP[-1]
You lost 1 mp, and now have 6/12 mp.
Casting: Foxfire (safe; 1% risk of failure)
Confirm with . or Enter, or press ? or * to list all spells.
You feel a surge of power!
You conjure some foxfire!
The foxfire hits the gnoll.
The foxfire hits the gnoll. ๐Ÿ˜Ž MP[-1]
You lost 1 mp, and now have 5/12 mp.
Casting: Foxfire (safe; 1% risk of failure)
Confirm with . or Enter, or press ? or * to list all spells.
You feel a surge of power!
You miscast Foxfire.
You are very lightly contaminated with residual magic.
Nothing appears to happen.
The gnoll misses you. ๐Ÿ˜Ž MP[-1]
You lost 1 mp, and now have 4/12 mp.
Casting: Foxfire (safe; 1% risk of failure)
Confirm with . or Enter, or press ? or * to list all spells.
You feel a surge of power!
You conjure some foxfire!
The gnoll closely misses you. You block the gnoll's attack.
The gnoll bouda hits you with a +0 whip.
The foxfire hits the gnoll bouda!
The foxfire hits the gnoll bouda.
The gnoll closely misses you. The gnoll barely misses you.
The gnoll bouda misses you. ๐Ÿ˜• HP[-1]
You take 1 damage, and now have 31/32 hp.
Casting: Foxfire (safe; 1% risk of failure)
Confirm with . or Enter, or press ? or * to list all spells.
You feel a surge of power!
You conjure some foxfire!
The gnoll hits you from afar with a +0 halberd.
You block the gnoll's attack.
The gnoll bouda hits you with a +0 whip.
The foxfire hits the gnoll!
You kill the gnoll!
The foxfire hits the gnoll bouda.
You block the gnoll's attack.
The gnoll bouda barely misses you. ๐Ÿ˜ฎ HP[-7] MP[-1]
You take 7 damage, and now have 24/32 hp.
MASSIVE DAMAGE!! (PAUSE)
You lost 1 mp, and now have 3/12 mp.
Casting: Foxfire (safe; 1% risk of failure)
Confirm with . or Enter, or press ? or * to list all spells.
You feel a surge of power!
You conjure some foxfire!
The gnoll closely misses you.
The gnoll bouda hits you with a +0 whip!
* * * LOW HITPOINT WARNING * * *
The foxfire hits the gnoll bouda but does no damage.
The foxfire hits the gnoll bouda.
The gnoll hits you from afar with a +0 halberd.
* * * LOW HITPOINT WARNING * * *
The gnoll bouda barely misses you.
Your magical contamination has completely faded away. ๐Ÿ˜จ HP[-13] MP[-1]
You take 13 damage, and now have 11/32 hp.
MASSIVE DAMAGE!! (PAUSE)
You lost 1 mp, and now have 2/12 mp.
Casting: Foxfire (safe; 1% risk of failure)
Confirm with . or Enter, or press ? or * to list all spells.
You feel a surge of power!
You conjure some foxfire!
The gnoll hits you from afar with a +0 halberd.
* * * LOW HITPOINT WARNING * * *
The gnoll bouda mumbles some strange prayers to its god.
The gnoll bouda is healed somewhat.
The foxfire hits the gnoll bouda but does no damage.
The foxfire hits the gnoll bouda!
The gnoll hits you from afar with a +0 halberd!
You die...

Skill      XL: |  1  2  3  4  5  6 |
---------------+-------------------+-----
Conjurations   | 2 3 4 5 |  5.7
Fire Magic     | 4 5 |  5.8
Spellcasting   | 3 |  3.3
Dodging        | |  2.1
Stealth        | |  2.0

Action                   |  1- 3 |  4- 6 || total
-------------------------+-------+-------++-------
Melee: Unarmed           |     7 |     7 ||    14
       Peck              |     2 |     2 ||     4
       Kick              |       |     3 ||     3
 Cast: Foxfire           |    39 |   119 ||   158
       Scorch            |     6 |    24 ||    30
  Use: Scroll            |     3 |    11 ||    14
Armor: Robe              |     5 |     5 ||    10
Dodge: Dodged            |    14 |    42 ||    56
Block: Other             |       |    14 ||    14

Levels and vault maps discovered:
D:1:      dpeg_cavernosity, layout_loops_ring, nrook_mini_backslash
D:2:      layout_loops_ring, roderic_serpentine_path,
          kennysheep_generic_room_16, uniq_natasha
D:3:      minmay_inner_zag, layout_basic, makhleb_altar_promises_db,
          okawaru_gym_becter
D:4:      layout_rooms, nicolae_qazlal_general_emergency
D:5:      layout_cave_pools, gammafunk_temple_overflow_forgotten, trog_book,
          zin_academy, minmay_temple_entry_gardened_gates

Notes
Turn   | Place    | Note
-------+----------+-------------------------------------------
     0 | D:1      | kae the Tengu Fire Elementalist began the quest for the
                  | Orb.
     0 | D:1      | Reached XP level 1. HP: 10/10 MP: 4/4
     0 | D:1      | magus.rc [v1.11.3]
   407 | D:1      | Reached skill level 2 in Conjurations
   407 | D:1      | Reached XP level 2. HP: 15/15 MP: 4/6
   868 | D:1      | Learned a level 2 spell: Scorch
  1396 | D:2      | You pick up a book of Weapons and begin reading...
  1396 | D:2      | You add the spells Tukima's Dance, Portal Projectile and
                  | Blade Hands to your library.
  1569 | D:2      | Reached XP level 3. HP: 19/19 MP: 5/7
  1573 | D:2      | Learned a level 3 spell: Inner Flame
  1821 | D:2      | Noticed Natasha
  1824 | D:2      | Killed Natasha
  1825 | D:2      | Reached skill level 3 in Conjurations
  1825 | D:2      | Reached skill level 4 in Fire Magic
  1981 | D:2      | Reached XP level 4. HP: 24/24 MP: 3/8
  3065 | D:3      | Found an iron altar of Okawaru.
  3443 | D:3      | Found a burning altar of Makhleb.
  3443 | D:3      | Noticed a cacodemon
  3447 | D:3      | Noticed a ynoxinul
  3447 | D:3      | Noticed a neqoxec
  3483 | D:3      | Reached skill level 4 in Conjurations
  3483 | D:3      | Gained mutation: Your magical nature lets you fly swiftly
                  | and evasively. [Tengu growth]
  3483 | D:3      | Reached XP level 5. HP: 28/28 MP: 6/10
  3487 | D:3      | Learned a level 3 spell: Kindle Blastsparks
  3938 | D:4      | Reached skill level 5 in Fire Magic
  4007 | D:4      | Reached skill level 3 in Spellcasting
  4131 | D:4      | Found a stormy altar of Qazlal.
  4145 | D:4      | Reached XP level 6. HP: 32/32 MP: 6/11
  4215 | D:4      | You pick up a book of the Wilderness and begin reading...
  4215 | D:4      | You add the spells Summon Forest, Summon Mana Viper and
                  | Summon Cactus Giant to your library.
  4368 | D:4      | Reached skill level 5 in Conjurations
  4473 | D:5      | Entered Level 5 of the Dungeon
  4474 | D:5      | Identified a scroll of acquirement
  4474 | D:5      | Acquired a staff of fire
  4500 | D:5      | Found a glowing silver altar of Zin.
  4543 | D:5      | Identified the +5 shortbow of Ehisoryli {speed, rC+ Int+3}
  4896 | D:5      | Slain by a gnoll

Vanquished Creatures
  A necrophage (D:5)
  A scorpion (D:5)
  A hound (D:4)
  2 iguanas
  Natasha (D:2)
  2 gnolls (D:5)
  8 adders
  A worm (D:3)
  3 dart slugs
  16 orcs
  4 ball pythons
  7 endoplasms
  2 giant cockroaches
  5 goblins
  9 hobgoblins
  A jackal (D:3)
  3 quokkas (D:1)
  6 bats
  2 frilled lizards
  4 kobolds
  4 rats
83 creatures vanquished.

Vanquished Creatures (others)
  257 foxfires
  A plant (D:5)
258 creatures vanquished.

Grand Total: 341 creatures vanquished

Table legend:
 A = Non-vault XP
 B = Vault XP
 C = Vault XP percentage of total XP
 D = Non-vault monster count
 E = Vault monster count
 F = Vault count percentage of total count
                 A         B        C        D         E       F
            +---------+---------+-------+---------+---------+-------
      Total |     543 |      54 |   9.0 |      71 |      12 |  14.5
            +---------+---------+-------+---------+---------+-------
        D:1 |      21 |       6 |  22.2 |      11 |       4 |  26.7
        D:2 |      27 |      35 |  56.5 |      10 |       1 |   9.1
        D:3 |     115 |      13 |  10.2 |      26 |       7 |  21.2
        D:4 |     169 |       0 |   0.0 |      17 |       0 |   0.0
        D:5 |     211 |       0 |   0.0 |       7 |       0 |   0.0
            +---------+---------+-------+---------+---------+-------

Illustrated notes

Table legend:
 A = Kills in this place as a percentage of kills in entire the game.
 B = Kills by you in this place as a percentage of kills by you in the entire game.
 C = Kills by friends in this place as a percentage of kills by friends in the entire game.
 D = Other kills in this place as a percentage of other kills in the entire game.
 E = Experience gained in this place as a percentage of experience gained in the entire game.
 F = Experience gained in this place divided by the number of levels of this place that you have seen.
                   A       B       C       D       E      F
               +-------+-------+-------+-------+-------+----------------------
         Total | 100.0 | 100.0 |   N/A |   N/A | 100.0 | 119.4
       Dungeon | 100.0 | 100.0 |   N/A |   N/A | 100.0 | 119.4
               +-------+-------+-------+-------+-------+----------------------

Table legend: (Time is in decaauts)
 A = Elapsed time spent in this place.
 B = Non-inter-level travel time spent in this place.
 C = Inter-level travel time spent in this place.
 D = Time resting spent in this place.
 E = Time spent auto-exploring this place.
 F = Levels seen in this place.
 G = Mean time per level.
                   A        B        C        D        E       F      G
               +--------+--------+--------+--------+--------+-----+--------+
         Total |   4811 |   4678 |    133 |     37 |   3930 |   5 |  962.2 |
       Dungeon |   4811 |   4678 |    133 |     37 |   3930 |   5 |  962.2 |
               +--------+--------+--------+--------+--------+-----+--------+

Top non-repeatable levels by time:
     D:3: 1581 daAuts
     D:1: 1252 daAuts
     D:2: 876 daAuts
     D:4: 699 daAuts
     D:5: 400 daAuts
